 Dungeon Crawl Stone Soup version 0.28.0-53-g5a82cb258f (webtiles) character file.

Game seed: 5438015979280815377

75 pkoi the Gusty (level 3, 0/26 HPs)
             Began as a Demigod Air Elementalist on May 25, 2022.
             Slain by a goblin
             ... wielding a +0 club
             ... led by Robin
              (5 damage)
             ... on level 2 of the Dungeon.
             The game lasted 00:02:43 (2590 turns).

pkoi the Gusty (Demigod Air Elementalist)           Turns: 2590, Time: 00:02:43

Health: 0/26       AC:  2    Str:  9    XL:     3   Next: 88%
Magic:  1/8        EV: 12    Int: 21    God:
Gold:   58         SH:  0    Dex: 14    Spells: 2/5 levels left

rFire   . . .      SeeInvis .   c - +0 whip
rCold   . . .      Faith    .   (no shield)
rNeg    . . .      Spirit   .   a - +0 robe
rPois   .          Reflect  .   (no helmet)
rElec   .          Harm     .   (no cloak)
rCorr   .          Rampage  .   (no gloves)
Will    .....                   (no boots)
Stlth   ++........              (no amulet)
HPRegen 0.08/turn               (no ring)
MPRegen 0.11/turn               (no ring)

@: no status effects
A: high MP 1, forlorn, divine attributes
a: no special abilities


You were on level 2 of the Dungeon.
You visited 1 branch of the dungeon, and saw 2 of its levels.

You collected 58 gold pieces.

Inventory:

Hand Weapons
 c - a +0 whip (weapon)
 i - a +0 quarterstaff
Missiles
 h - 3 poisoned darts
Armour
 a - a +0 robe (worn)
Jewellery
 d - a +6 ring of intelligence
Scrolls
 b - 3 scrolls of enchant armour {unknown}
Potions
 e - 2 potions of might {unknown}
 f - a potion of flight
 g - 2 potions of curing {unknown}
 j - a potion of attraction {unknown}


   Skills:
 - Level 1.7 Dodging
 - Level 1.7 Stealth
 - Level 1.7 Unarmed Combat
 - Level 1.7 Spellcasting
 - Level 0.8 Conjurations
 * Level 4.1 Air Magic


You had 2 spell levels left.
You knew the following spells:

 Your Spells              Type           Power      Damage    Failure   Level
a - Shock                 Conj/Air       48%        1d6       5%          1
b - Static Discharge      Conj/Air       12%        N/A       9%          2

Your spell library contained the following spells:

 Spells                   Type           Power      Damage    Failure   Level
 Swiftness                Air            19%        N/A       9%          3
 Airstrike                Air            9%         N/A       28%         4


Dungeon Overview and Level Annotations

Branches:
Dungeon (2/15)

Annotations:
D:2 Robin


Innate Abilities, Weirdness & Mutations

You have an increased reservoir of magic. (+10% MP)
You shall have no god before yourself.
Your divine heritage dramatically boosts your attributes as you level up.


Message History

Aim: Robin, wielding a +0 club, wearing a +0 animal skin and wearing a +0 helmet (lightly wounded, 77% to hit)
The zap hits Robin.
Robin is moderately wounded.
The goblin shoots a stone.
The stone hits you.
* * * LOW HITPOINT WARNING * * *
Unknown command.
Aiming: Shock (safe; 5% risk of failure)
Press: ? - help, Q - select action, (/) - cycle Shift-Dir - straight line, f/p - Robin
Aim: Robin, wielding a +0 club, wearing a +0 animal skin and wearing a +0 helmet (moderately wounded, 77% to hit)
The zap hits Robin.
Robin is heavily wounded.
Robin roars a battlecry!
The goblins go into a battle-frenzy!
The goblin shoots a stone.
The stone hits you but does no damage.
You hear a shout!
Aiming: Shock (safe; 5% risk of failure)
Press: ? - help, Q - select action, (/) - cycle Shift-Dir - straight line, f/p - Robin
Aim: Robin, wielding a +0 club, wearing a +0 animal skin and wearing a +0 helmet (heavily wounded, 77% to hit)
The zap hits Robin.
Robin is severely wounded.
The goblin shoots a stone.
The stone hits you.
* * * LOW HITPOINT WARNING * * *
Aiming: Shock (safe; 5% risk of failure)
Press: ? - help, Q - select action, (/) - cycle Shift-Dir - straight line, f/p - Robin
Aim: Robin, wielding a +0 club, wearing a +0 animal skin and wearing a +0 helmet (severely wounded, 77% to hit)
The zap hits Robin.
Robin is almost dead.
The zap hits the hobgoblin.
The hobgoblin is almost dead.
The goblin shoots a stone.
The stone hits you but does no damage.
Aiming: Shock (safe; 5% risk of failure)
Press: ? - help, Q - select action, (/) - cycle Shift-Dir - straight line, f/p - Robin
Aim: Robin, wielding a +0 club, wearing a +0 animal skin and wearing a +0 helmet (almost dead, 77% to hit)
The zap misses Robin.
The zap hits the hobgoblin.
You kill the hobgoblin!
Robin throws the goblin at you!
* * * LOW HITPOINT WARNING * * *
The goblin unwields a +0 hunting sling.
The goblin wields a +0 club.
The goblin hits you with a +0 club.
You die...

.....)..#.....>....#.#.#.#
...................#.....#
...................###.###
......g...........## #.#
.......##...†.....# #.#
.......#.....g....####.#
.......#...............#
.gg....#...##.........##
.......#........@g....#
.......#..............#
.......#..............#
.......#..)##.........#
.......#...##.........#
.......#...##)........#
########...##.........#
#...##.........#
#...##.........#


You could see Robin and a goblin (strong).

Vanquished Creatures
  Jessica (D:2)
  2 dart slugs (D:1)
  5 ball pythons
  4 endoplasms (D:1)
  7 goblins
  5 hobgoblins
  6 kobolds
  3 quokkas
  7 bats
  A frilled lizard (D:1)
  4 rats
45 creatures vanquished.

Notes
Turn   | Place    | Note
-------+----------+-------------------------------------------
     0 | D:1      | pkoi the Demigod Air Elementalist began the quest for the
                  | Orb.
     0 | D:1      | Reached XP level 1. HP: 14/14 MP: 5/5
   244 | D:1      | Reached skill level 3 in Air Magic
   548 | D:1      | Reached XP level 2. HP: 20/20 MP: 4/7
   716 | D:1      | Learned a level 2 spell: Static Discharge
  1023 | D:1      | Reached skill level 1 in Unarmed Combat
  1622 | D:1      | Reached XP level 3. HP: 26/26 MP: 5/8
  2228 | D:2      | Noticed Jessica
  2231 | D:2      | Killed Jessica
  2232 | D:2      | Reached skill level 4 in Air Magic
  2553 | D:2      | Noticed Robin
  2590 | D:2      | Slain by a goblin

Illustrated notes

Levels and vault maps discovered:
D:1:      minmay_arrival_up_and_down, layout_loops_ring, serial_aquarium,
          aquarium_bridge_square [aquarium_subvault_bridge,
          aquarium_subvault_bridge, aquarium_subvault_bridge,
          aquarium_subvault_wall], aquarium_window_3, aquarium_window_double,
          aquarium_window_1, aquarium_view_2b, aquarium_view_2d,
          minmay_tetromino_o4
D:2:      layout_basic, basic_ecumenical_altar, fountainhead, uniq_jessica,
          uniq_robin

Skill      XL: |  1  2  3 |
---------------+----------+-----
Air Magic      | 3 4 |  4.1
Unarmed Combat | 1 |  1.7
Dodging        | |  1.7
Stealth        | |  1.7
Spellcasting   | |  1.7
Conjurations   | |  0.8

Action                   || total
-------------------------++-------
Melee: Whip              ||    19
 Cast: Shock             ||   101
       Static Discharge  ||     2
  Use: Scroll            ||     4
Armor: Robe              ||    10
Dodge: Dodged            ||    44
